[Event "Early-Titled-Tuesday-Blitz-October-10-2023"]
[Site "Chess.com"]
[Date "2023.10.10"]
[Round "6"]
[White "ama18"]
[Black "GaiozNigalidze"]
[Result "0-1"]
[WhiteElo "2548"]
[BlackElo "2713"]
[TimeControl "180+1"]
[EndTime "9:06:20 PDT"]
[Termination "GaiozNigalidze won by resignation"]

1. e4 c5 2. Nc3 Nc6 3. Bb5 g6 4. Bxc6 bxc6 5. d4 Bg7 6. dxc5 Qa5 7. Bd2 Qxc5 8. Nf3 d6 9. O-O Nf6 10. Re1 Bg4 11. h3 Bxf3 12. Qxf3 O-O 13. b3 Nd7 14. Rac1 Ne5 15. Qg3 Qa3 16. f4 Nd7 17. Na4 Nb6 18.
Nc3 a5 19. e5 a4 20. Kh2 Qc5 21. Ne4 Qd5 22. c4 Qe6 23. exd6 exd6 24. Bc3 Bxc3 25.
Qxc3 f6 26. Qd4 Nc8 27. Ng5 Qf5 28. g4 Qd7 29. Ne6 Rf7 30. f5 axb3 31. axb3 Ne7 32. Ra1 Re8 33. c5 gxf5 34. gxf5 Nxf5 35. Qg4+ Ng7 36.
Nxg7 Qxg4 37. hxg4 Rxe1 38. Rxe1 Kxg7 39. cxd6 Rd7 40. Rd1 Kf7 41. Kg3 Ke6 42. Kf4 Rxd6 43. Re1+ Kf7 44. Rc1 Kg6 45. Rc4 h6 46. b4 Re6 47.
Rc5 Rd6 48. Rc4 Kf7 49. Ke4 Re6+ 50. Kf4 Ke7 51. Kg3 Kd6 52. Kh4 Re5 53. Kg3 Rb5 54.
Kh4 Rd5 55. Rf4 Ke5 56. Rc4 Rd6 57. Rc5+ Kd4 58. Rf5 Kc4 59. Rf4+ Kb5 60. Kh5 Ka4 61. Rf5 Kxb4 62. Kxh6 c5 63. Kg6 c4 64. Rf1 c3 65.
Rb1+ Kc4 66. Rb8 c2 67. Rc8+ Kd3 68. Kf7 Kd2 69. Ke7 Rd4 70. Rxc2+ Kxc2 71. Kxf6 Rxg4 0-1

[Event "Early-Titled-Tuesday-Blitz-October-10-2023"]
[Site "Chess.com"]
[Date "2023.10.10"]
[Round "6"]
[White "KatakuriDono"]
[Black "ExchangeAB"]
[Result "0-1"]
[WhiteElo "2330"]
[BlackElo "2501"]
[TimeControl "180+1"]
[EndTime "9:06:20 PDT"]
[Termination "ExchangeAB won on time"]

1. d4 d5 2. c4 c6 3. Nc3 Nf6 4.
cxd5 cxd5 5. Bg5 Ne4 6. Nxe4 dxe4 7. a3 Qd5 8. Bh4 e3 9. fxe3 Bf5 10. Nf3 Nc6 11. h3 g6 12. g4 Be4 13. Bg2 Bg7 14.
O-O O-O 15. Ne1 e5 16. dxe5 Bxg2 17. Nxg2 Qxe5 18. Qa4 Qxb2 19. Rab1 Qxe2 20. Rxb7 Ne5 21. Qe4 Rac8 22. Nf4 Qd2 23. Nd5 Rc2 24. Rf2 Qe1+ 25. Kg2 Rxf2+ 26. Bxf2 Qe2 27. Nf4 Qd2 28. Re7 Qd6 29.
Rxa7 Nc6 30. Ra6 Rc8 31. Qd5 Qxd5+ 32. Nxd5 Kf8 33. Bg3 Bb2 34. Bd6+ Kg7 35. a4 Nd8 36. Nf4 Nb7 37. Bb4 Rc4 38. Be1 Nc5 39. Ra7 Rxa4 40.
Rxa4 Nxa4 41. Bb4 Nb6 42. Nd3 Ba1 43. Bc5 Nc4 44. Kf2 Kf6 45. Bd4+ Bxd4 46. exd4 Ke6 47. Nf4+ Kd6 48. Ke2 Nb6 49. Kd3 Nd7 50. Ke4 Nf6+ 51.
Kd3 Ng8 52. Ke4 Ne7 53. Kd3 Nc6 54. Ke4 Nd8 55. Kd3 f6 56. Ke4 Nc6 57. Kd3 Ne7 58.
Ke4 f5+ 59. gxf5 gxf5+ 60. Kd3 Ng6 61. Ne2 Kd5 62. Nc3+ Kd6 63. Ne2 Kd5 64. Nc3+ Ke6 65. d5+ Ke5 66. Kc4 Ne7 67. Kc5 Nc8 68. Nb5 f4 69. d6 Ke6 70. Kc6 Nxd6 71. Nxd6 f3 72. Ne4 Ke5 73. Nf2 Kf4 74. Kd5 Kg3 75. Nd3 Kxh3 76. Ke4 Kg2 77. Ke3 Kg3 78. Nf2 h5 79. Ne4+ Kg2 80. Nf2 h4 81. Ng4 h3 0-1

[Event "Early-Titled-Tuesday-Blitz-October-10-2023"]
[Site "Chess.com"]
[Date "2023.10.10"]
[Round "6"]
[White "topin8"]
[Black "vishwa_vijeta"]
[Result "1/2-1/2"]
[WhiteElo "2441"]
[BlackElo "2549"]
[TimeControl "180+1"]
[EndTime "9:06:23 PDT"]
[Termination "Game drawn - insufficient material"]

1. e4 c5 2. Nf3 d6 3. c3 Nf6 4.
Be2 Nc6 5. d4 cxd4 6. cxd4 Nxe4 7. d5 Qa5+ 8. Nc3 Nxc3 9. bxc3 Nd8 10. O-O Bd7 11. c4 g6 12. Bb2 f6 13. Nd4 Bg7 14. Bg4 Bxg4 15. Qxg4 O-O 16. Rfe1 f5 17. Qe2 Re8 18. Nb3 Qc7 19. Bxg7 Kxg7 20. Rac1 e5 21.
c5 Nf7 22. Qb5 Rab8 23. Nd4 Ng5 24. h4 a6 25. Qa4 Ne4 26. Ne6+ Rxe6 27. dxe6 Nxc5 28.
Qd7+ Qxd7 29. exd7 Rd8 30. Red1 Ne4 31. f3 Nf6 32.
Rxd6 Kf7 33. Rc7 Ke7 34. Rb6 Nd5 35. Rcxb7 Nxb6 36. Rxb6 Rxd7 37. Rxa6 Rd1+ 38. Kh2 Rd4 39. Kh3 Kf7 40. Ra7+ Kg8 41. Ra8+ Kg7 42. Ra7+ Kh6 43. a4 Rd3 44. Kh2 Ra3 45. a5 Ra4 46. Kh3 Ra1 47. Kh2 Ra2 48. a6 g5 49. hxg5+ Kxg5 50. Rxh7 Rxa6 51. Rb7 Kf4 52. Rb4+ e4 53. fxe4 fxe4 54. Rb8 e3 55. g3+ Kf3 56. Rf8+ Ke2 57. g4 Kd2 58.
Kg3 e2 59. Rd8+ Ke3 60. Re8+ Kd2 61. g5 e1=Q+ 62. Rxe1 Kxe1 63. Kf4 Ke2 64. Kf5 Kf3 65. g6 Ra5+ 66. Kf6 Kf4 67. g7 Ra6+ 68. Kf7 Ra7+ 69. Kf6 Ra8 70. Kf7 Kf5 71. g8=Q Rxg8 72. Kxg8 1/2-1/2

[Event "Early-Titled-Tuesday-Blitz-October-10-2023"]
[Site "Chess.com"]
[Date "2023.10.10"]
[Round "6"]
[White "DopplerCharlotteDeWitte"]
[Black "ContrVersia"]
[Result "1/2-1/2"]
[WhiteElo "2755"]
[BlackElo "2893"]
[TimeControl "180+1"]
[EndTime "9:06:26 PDT"]
[Termination "Game drawn by repetition"]

1. e4 c5 2. Nf3 a6 3. c4 Nc6 4. d4 cxd4 5. Nxd4 e5 6. Nf5 d6 7.
Nc3 g6 8. Ne3 Bh6 9. Be2 Be6 10.
O-O Nf6 11. Ned5 Bxc1 12. Rxc1 Nd4 13. f4 Bxd5 14. Nxd5 Nxd5 15. cxd5 Qb6 16. Kh1 O-O 17. fxe5 dxe5 18. b3 Rac8 19. Rxc8 Rxc8 20. Bg4 Rc2 21.
Qe1 Kg7 22. Qh4 f6 23. Be6 Qd8 24. a4 Nxe6 25. dxe6 Rc6 26. Qg4 h5 27. Qd1 Rd6 28.
Qe2 Rxe6 29. h3 Rd6 30. Rc1 Rd2 31. Qc4 Rd1+ 32. Rxd1 Qxd1+ 33. Kh2 Qd7 34. a5 Qc6 35.
Qb4 Qc7 36. h4 f5 37. exf5 gxf5 38. Kh3 Qd7 39. Kh2 Qc7 40. Kh3 e4 41. Qd4+ Kg6 42. Qh8 Qe7 43. Qg8+ Kh6 44. Qh8+ Kg6 45. Qg8+ Qg7 46.
Qe6+ Qf6 47. Qd7 Qc3+ 48. g3 Qc6 49. Qe7 Qf6 50. Qxb7 Qa1 51. Qxa6+ Kf7 52. Qb7+ Ke6 53. Qc6+ Ke5 54. Qc7+ Ke6 55. Qc8+ Ke7 56. Qc5+ Ke6 57. Qc4+ Ke5 58. Qc7+ Ke6 59. Qb6+ Ke7 60. Qb4+ Ke6 61.
Qc4+ Ke7 62. Qc5+ Ke6 63. Kg2 Qb2+ 64. Qf2 Qxb3 65. Qe2 Qa3 66. a6 Ke5 67. Kh2 Qa5 68. Qxh5 Qxa6 69. Qh8+ Kd5 70. Qd8+ Kc4 71. Qd2 Qa3 72. h5 e3 73. Qe2+ Qd3 74. Qxd3+ Kxd3 75.
h6 e2 76. h7 e1=Q 77. h8=Q Qe2+ 78. Kh3 Qg4+ 79. Kg2 Qe2+ 80. Kg1 Qe1+ 81. Kg2 Qe2+ 82. Kg1 Qe1+ 83. Kg2 Qe2+ 1/2-1/2

[Event "Early-Titled-Tuesday-Blitz-October-10-2023"]
[Site "Chess.com"]
[Date "2023.10.10"]
[Round "6"]
[White "Efremov_Vlad"]
[Black "lefonghua"]
[Result "1/2-1/2"]
[WhiteElo "2352"]
[BlackElo "2606"]
[TimeControl "180+1"]
[EndTime "9:06:30 PDT"]
[Termination "Game drawn - insufficient material"]

1. e4 c5 2. Nf3 g6 3. c4 Bg7 4. d4 cxd4 5. Nxd4 Nc6 6. Nb3 Nf6 7.
Nc3 O-O 8. Be2 d6 9. O-O Be6 10. Be3 Rc8 11. Rc1 Ne5 12. c5 Nc4 13. Bxc4 Bxc4 14.
Re1 dxc5 15. Nxc5 b6 16. Nb3 Qxd1 17. Rexd1 Ng4 18. Bf4 Ne5 19. Nd5 Bxd5 20. Rxd5 Nc4 21. Rd7 Bxb2 22. Rcd1 Bf6 23. Rxa7 Rfd8 24. Rxd8+ Rxd8 25. g3 Rd1+ 26. Kg2 Kg7 27. Rc7 b5 28. Rc5 e5 29. Be3 Nxe3+ 30. fxe3 b4 31. Rc4 Rd3 32. Rxb4 Rxe3 33. a4 Be7 34. Kf2 Rc3 35. Rb5 Rc2+ 36. Kf3 Bd6 37. a5 Rxh2 38. a6 Ra2 39. Ra5 Rxa5 40. Nxa5 f5 41. Nc6 Bc5 42. exf5 gxf5 43. Nxe5 Kf6 44. Nc6 Kg5 45. Nd8 Ba7 46. Nf7+ Kf6 47.
Nd6 Kg5 48. Nb5 Bb6 49. Nc7 h5 50. Ne6+ Kf6 51. Nf4 Kg5 52. Ng2 Ba7 53. Ne3 Bb6 54. Nd5 Ba7 55. Nf4 Bb6 56. Ne6+ Kf6 57. Nc7 Kg5 58. Nd5 Ba7 59. Ne7 Bb6 60. Nc6 Bc5 61. Nb4 Ba7 62. Nd3 Bd4 63. Ne1 Ba7 64. Ng2 Bb6 65. Nf4 Ba7 66. Nd5 Bc5 67. Nc3 Ba7 68.
Nb5 Bb6 69. Na3 Bc5 70. Nc4 Ba7 71. Ne5 Bb6 72. Ke2 Ba7 73. Kd3 f4 74. Nc6 Bb6 75. gxf4+ Kxf4 76. Ke2 Kg3 77. Kf1 h4 78. a7 Bxa7 79.
Nxa7 h3 80. Kg1 h2+ 81. Kh1 Kh3 82. Nc6 Kg3 83. Nd4 Kf4 84. Nf3 Ke3 85. Nxh2 1/2-1/2

[Event "Early-Titled-Tuesday-Blitz-October-10-2023"]
[Site "Chess.com"]
[Date "2023.10.10"]
[Round "6"]
[White "elprimo2012mortis"]
[Black "WindWhistler11"]
[Result "1-0"]
[WhiteElo "2642"]
[BlackElo "2469"]
[TimeControl "180+1"]
[EndTime "9:06:36 PDT"]
[Termination "elprimo2012mortis won by resignation"]

1. e4 e6 2. d4 d5 3. Nd2 Nc6 4. Ngf3 Nf6 5. e5 Nd7 6. c3 f6 7. exf6 Qxf6 8. Bb5 Bd6 9. Nf1 O-O 10. Bg5 Qf7 11.
Ne3 a6 12. Ba4 e5 13. Bb3 Nb6 14. Qe2 e4 15. Nd2 Be6 16. Bh4 Ne7 17. Bg3 Ng6 18. O-O-O Nf4 19. Bxf4 Bxf4 20. Rdf1 a5 21. a3 a4 22. Ba2 Nc8 23. Kb1 c6 24. f3 exf3 25. Rxf3 Qg6+ 26. Ka1 Nd6 27. Bb1 Qh6 28. Rhf1 Rae8 29.
Qf2 g5 30. g3 Bxe3 31. Qxe3 Bh3 32. Rxf8+ Rxf8 33. Rxf8+ Qxf8 34. Qxg5+ Qg7 35. Qd8+ Qf8 36. Qg5+ Qg7 37. Qh4 Bf5 38. Qd8+ Qf8 39. Qg5+ Qg7 40. Qf4 Bxb1 41. Kxb1 Qg6+ 42. Kc1 Nf5 43. Nf3 Nd6 44. Ne5 Qe6 45. Qg5+ Kf8 46. Qf4+ Kg8 47. h4 Ne4 48. g4 Kg7 49. h5 h6 50. Kb1 c5 51.
dxc5 Qf6 52. Qxf6+ Kxf6 53. Nd7+ Kg5 54. Nb6 Nxc5 55. Nxd5 Kxg4 56. Nf6+ Kg5 57. Nd5 Kxh5 58. Kc2 Kg4 59. c4 h5 60. Nf6+ Kg5 61. Nxh5 Kxh5 62. Kc3 Kg4 63. Kb4 b6 64. Kb5 Kf4 65. Kxb6 Nd3 66. c5 Nxb2 67. c6 Nc4+ 68. Kc5 Ne5 69.
c7 Nd7+ 70. Kc6 Ne5+ 71. Kb5 Nf7 72. Kc5 Ne5 73. c8=Q Nd3+ 74. Kc4 Ne5+ 75. Kb4 Ke4 76.
Qa8+ Ke3 77. Qxa4 Nd3+ 78. Ka5 Ne5 79. Qb5 Ke4 80. a4 Kd4 81. Qxe5+ Kxe5 82. Kb6 Kd6 83. a5 Kd7 84. Kb7 Kd6 85. a6 1-0

[Event "Early-Titled-Tuesday-Blitz-October-10-2023"]
[Site "Chess.com"]
[Date "2023.10.10"]
[Round "6"]
[White "Jospem"]
[Black "shimastream"]
[Result "1/2-1/2"]
[WhiteElo "3105"]
[BlackElo "2991"]
[TimeControl "180+1"]
[EndTime "9:07:39 PDT"]
[Termination "Game drawn by repetition"]

1. e4 d6 2. d4 c6 3. Bd3 e5 4. c3 Nf6 5. Nf3 Qc7 6. h3 Be7 7. O-O O-O 8. Re1 Nbd7 9. Nbd2 Re8 10. Nf1 Nf8 11. Ng3 Ng6 12. Be3 Bf8 13. Qd2 Be6 14.
c4 c5 15. d5 Bd7 16. a3 a5 17. b4 axb4 18. axb4 b6 19. Reb1 Reb8 20. Ra2 Rxa2 21. Qxa2 Qc8 22. Ra1 h6 23. b5 Be7 24. Qa6 Qc7 25.
Qa7 Rb7 26. Qa3 Rb8 27. Bc2 Nh7 28. Qc1 Qd8 29. Ra6 Bc8 30. Ra3 Bd7 31. Nf5 Ra8 32.
Ra6 Rxa6 33. bxa6 Qa8 34. Qa3 Qa7 35. Nd2 Nf6 36. Nb1 Bc8 37. Nc3 Qxa6 38. Qb3 Bd7 39. Kh2 Bf8 40. g3 Ne8 41. Kg2 Ne7 42. Nh4 Nc7 43.
Bd3 Qc8 44. Qxb6 Bxh3+ 45. Kh2 Ne8 46. Nb5 Ng6 47. Nf5 Bxf5 48. exf5 Ne7 49. f6 gxf6 50.
Nxd6 Nxd6 51. Qxd6 Nf5 52. Qxf6 Nxe3 53. fxe3 Qc7 54. Qf5 Bg7 55. Be4 Qd6 56. Kg2 Qf6 57. Qc8+ Bf8 58. Qg4+ Kh8 59. Qc8 Kg8 60. Qd7 Kg7 61. Qg4+ Kh8 62. Qh5 Kg7 63. Bf5 Qg5 64. Qf3 Bd6 65. Qe4 Kf8 66. Kf3 Ke7 67. Ke2 Kf8 68.
g4 Qh4 69. Qg2 Kg7 70. Be4 Be7 71. Kd2 Bd6 72. Ke2 Be7 73. Qf3 Qh2+ 74. Kf1 Qh4 75. Kg2 Qg5 76. Kf1 Bd6 77. Ke2 Be7 78. Bf5 Bd6 79.
Kd3 Qh4 80. Ke2 Qh2+ 81. Qf2 Qxf2+ 82. Kxf2 Kf6 83. Bh7 Kg5 84. Kf3 h5 85. gxh5 Kxh5 86. Ke4 Kg5 87. Bf5 Kf6 88. Bc8 Ke7 89. Kf5 Bc7 90. Ba6 Bd6 91. Bb7 Bc7 92. Bc6 Bd6 93. e4 Bc7 94. Kg4 Bd6 95. Kf3 Bc7 96. Ke2 Bd6 97.
Kd3 Kd8 98. Kc2 Kc7 99. Be8 f6 100. Bg6 Kd8 101. Bf5 Kc7 102. Kc3 Kd8 103. Be6 Kc7 104. Kd3 Kd8 105. Ke2 Ke7 106. Kd2 Kd8 107. Kd1 Ke7 108. Ke2 Kd8 109. Kf3 Ke7 110. Kg4 Bc7 111. Kf5 Bd6 112. Kg6 Bc7 113. Bf5 Bd6 114. Kh5 Bc7 115. Kg4 Bd6 116. Kf3 Kd8 117. Ke2 Kc7 118. Kf3 Kd8 119. Kg4 Ke7 120. Kh5 Bc7 121. Bg4 Bd6 122. Kg6 Bc7 123. Bh5 Bd6 124. Kf5 Bc7 125. Kg4 Bd6 126. Kf3 Bc7 127. Ke2 Bd6 128. Kd3 Kd7 129. Kc3 Kc7 130. Kb3 Kb6 131. Be8 Kc7 132. Bg6 Kb6 133. Ka4 Ka6 134. Bf5 Kb6 135. Be6 Be7 136. Kb3 Bd6 137. Kc2 Kc7 138. Kd3 Kd8 139. Kc3 Kc7 140. Kb3 Kb6 141. Kc2 Kc7 142. Kd1 Kd8 143. Ke2 Ke7 144. Kd3 Kd8 1/2-1/2

[Event "Early-Titled-Tuesday-Blitz-October-10-2023"]
[Site "Chess.com"]
[Date "2023.10.10"]
[Round "6"]
[White "K_A_S_T_O_R"]
[Black "DenLaz"]
[Result "1-0"]
[WhiteElo "2901"]
[BlackElo "3056"]
[TimeControl "180+1"]
[EndTime "9:07:59 PDT"]
[Termination "K_A_S_T_O_R won by resignation"]

1. e4 c5 2. Nf3 e6 3. d4 cxd4 4. Nxd4 Nc6 5. Nb5 d6 6. c4 Nf6 7.
N1c3 a6 8. Na3 Qa5 9. Bd2 Be7 10. Be2 O-O 11. O-O Qe5 12. Bd3 Nb4 13. Bb1 Bd7 14. Be3 Rac8 15. f4 Qa5 16. Qe2 Bc6 17. h3 Nd7 18. Nc2 Nxc2 19. Bxc2 b5 20. cxb5 axb5 21.
a3 b4 22. axb4 Qxb4 23. Ba4 Bf6 24. Bxc6 Rxc6 25. Ra4 Qb3 26. Ra3 Qb8 27. Rd1 Rd8 28. Kh1 h6 29. Bf2 Bxc3 30. Rxc3 Rxc3 31. bxc3 Nf8 32. f5 Re8 33. Qd3 Qb7 34. Bg3 Nh7 35. Bxd6 Ng5 36. e5 Ne4 37. Rf1 exf5 38. Rxf5 Ra8 39.
Kh2 Ng5 40. h4 Ne6 41. Bb4 Rd8 42. Qf3 Qd7 43. Qg3 Rc8 44. Rf3 Qd5 45. Rd3 Qe4 46.
Re3 Qd5 47. Qf3 Qc4 48. Qe4 Qc7 49. Rd3 Re8 50. Bd6 Qc8 51. Rg3 Qa6 52. c4 Rc8 53. Rc3 Qa4 54. Qd5 Rd8 55. Rg3 Rc8 56.
Rg4 Qc2 57. Qe4 Qd2 58. Qf3 Qa2 59. Qd3 Qa6 60. Re4 Qc6 61. Qd5 Qd7 62. c5 Qa7 63. Rc4 Qa6 64. c6 Qa2 65. c7 Nxc7 66. Bxc7 Re8 67. Bd6 Qf2 68. Qf3 Qd2 69. Rf4 Qa2 70. Qg3 Qe6 71. Rg4 g6 72. Rf4 h5 73. Rf6 Qc4 74.
Qg5 Kh7 75. Rf4 Qd5 76. Qf6 Kg8 77. e6 Qxe6 78. Qxe6 Rxe6 79. Bc5 Rc6 80. Bd4 Rc4 81.
Be5 Rc5 82. Bd4 Rc4 83. Kg3 Ra4 84. Bf6 Ra6 85. Rf3 Kh7 86. Bc3 Kg8 87. Kf4 Ra4+ 88. Kg3 Rg4+ 89. Kh3 Rc4 90. Rd3 f5 91. Be5 Kf7 92. g3 Rc1 93. Bf4 Rh1+ 94. Kg2 Ra1 95. Rd6 Ra2+ 96. Kh3 Ra3 97. Bg5 Ra1 98. Rf6+ Kg7 99.
Rb6 Rh1+ 100. Kg2 Rd1 101. Rb7+ Kg8 102. Kf3 Rf1+ 103. Ke3 Re1+ 104. Kd4 Re4+ 105. Kd5 Rg4 106. Bf4 g5 107. hxg5 h4 108. Ke5 hxg3 109. Rb1 g2 110. Rg1 Kf7 111. Kxf5 1-0

[Event "Early-Titled-Tuesday-Blitz-October-10-2023"]
[Site "Chess.com"]
[Date "2023.10.10"]
[Round "7"]
[White "KorolDimitriy75"]
[Black "Amirreza_p"]
[Result "1/2-1/2"]
[WhiteElo "2412"]
[BlackElo "2597"]
[TimeControl "180+1"]
[EndTime "9:09:50 PDT"]
[Termination "Game drawn by repetition"]

1. d4 g6 2. c4 Bg7 3. Nf3 d6 4. Nc3 Nc6 5. e3 Bg4 6. Be2 e5 7. d5 Nce7 8. e4 f5 9. Ng5 Bxe2 10. Qxe2 Qd7 11. Ne6 Bh6 12. Nb5 Rc8 13. Nxa7 Ra8 14.
Nb5 Rc8 15. Na7 Ra8 16. Nb5 Rc8 17. Na7 1/2-1/2

[Event "Early-Titled-Tuesday-Blitz-October-10-2023"]
[Site "Chess.com"]
[Date "2023.10.10"]
[Round "7"]
[White "K_A_S_T_O_R"]
[Black "Jospem"]
[Result "1/2-1/2"]
[WhiteElo "2905"]
[BlackElo "3101"]
[TimeControl "180+1"]
[EndTime "9:09:52 PDT"]
[Termination "Game drawn by repetition"]

1. e4 c5 2. Nf3 d6 3. d4 cxd4 4. Nxd4 a6 5. c4 e6 6. Nc3 Nf6 7. Be2 b6 8. O-O Bb7 9. f3 Nbd7 10. Be3 Be7 11. Qd2 O-O 12. a4 Qb8 13. Rfd1 Rc8 14.
Kh1 Bd8 15. Nc2 Bc7 16. Bf4 Ne5 17. Be3 Ned7 18. Bf4 Ne5 19. Be3 Ned7 1/2-1/2

[Event "Early-Titled-Tuesday-Blitz-October-10-2023"]
[Site "Chess.com"]
[Date "2023.10.10"]
[Round "7"]
[White "kingapolak"]
[Black "Quattroporte300"]
[Result "0-1"]
[WhiteElo "2048"]
[BlackElo "2379"]
[TimeControl "180+1"]
[EndTime "9:09:52 PDT"]
[Termination "Quattroporte300 won by resignation"]

1. e4 c5 2. Nf3 Nc6 3. d4 cxd4 4. Nxd4 e5 5. Nb5 a6 6. N1c3 axb5 7. Nxb5 Nf6 8. Bd3 Bc5 9. O-O O-O 10. Bg5 h6 11.
Bh4 d6 12. Qf3 Nd4 13. Nxd4 Bxd4 14. c3 Bb6 15. Rfd1 g5 16. Bg3 Bg4 0-1

[Event "Early-Titled-Tuesday-Blitz-October-10-2023"]
[Site "Chess.com"]
[Date "2023.10.10"]
[Round "7"]
[White "chessculator16"]
[Black "Sunny_Star"]
[Result "1-0"]
[WhiteElo "2297"]
[BlackElo "2092"]
[TimeControl "180+1"]
[EndTime "9:10:56 PDT"]
[Termination "chessculator16 won by resignation"]

1. d4 Nf6 2. c4 e6 3. Nc3 Be7 4. e4 d5 5. e5 Ng8 6. cxd5 exd5 7. f4 f5 8. Nf3 Be6 9. Qb3 b6 10. a4 c6 11. Bd3 Nd7 12. O-O Nh6 13. a5 Nf7 14.
axb6 axb6 15. Bd2 O-O 16. Qc2 c5 17. Bxf5 Bxf5 18. Qxf5 c4 19. Nxd5 Rc8 20. Ra7 1-0

[Event "Early-Titled-Tuesday-Blitz-October-10-2023"]
[Site "Chess.com"]
[Date "2023.10.10"]
[Round "7"]
[White "howitzer14"]
[Black "JAN2404"]
[Result "1-0"]
[WhiteElo "3006"]
[BlackElo "2080"]
[TimeControl "180+1"]
[EndTime "9:10:56 PDT"]
[Termination "howitzer14 won by resignation"]

1. d4 Nf6 2. Bf4 e6 3. e3 d5 4. Nf3 c5 5. Nbd2 Nc6 6. c3 b6 7. Bd3 Bd6 8. Bg3 O-O 9. Qe2 c4 10. Bc2 b5 11. e4 dxe4 12. Nxe4 Bxg3 13. hxg3 h6 14. Nxf6+ 1-0

[Event "Early-Titled-Tuesday-Blitz-October-10-2023"]
[Site "Chess.com"]
[Date "2023.10.10"]
[Round "7"]
[White "slorovel"]
[Black "valemava"]
[Result "0-1"]
[WhiteElo "2491"]
[BlackElo "2293"]
[TimeControl "180+1"]
[EndTime "9:10:57 PDT"]
[Termination "valemava won by resignation"]

1. e4 c5 2. Nf3 Qa5 3. g3 b5 4.
Bg2 Bb7 5. Qe2 Nc6 6. c3 e6 7.
O-O Nf6 8. d4 cxd4 9. cxd4 b4 10.
Bd2 Ba6 11. Qe1 Bxf1 12. Bxf1 Qb6 13. d5 Nd4 14. Nxd4 Qxd4 15. dxe6 fxe6 16. Bg2 Rc8 17. a3 Qxb2 18. axb4 0-1

[Event "Early-Titled-Tuesday-Blitz-October-10-2023"]
[Site "Chess.com"]
[Date "2023.10.10"]
[Round "7"]
[White "Aleksandar-Topalov"]
[Black "lolo9292"]
[Result "1-0"]
[WhiteElo "2388"]
[BlackElo "2161"]
[TimeControl "180+1"]
[EndTime "9:11:21 PDT"]
[Termination "Aleksandar-Topalov won by resignation"]

1. b3 e5 2. Bb2 d6 3. d4 exd4 4. Qxd4 Nf6 5. Nc3 Nc6 6. Qf4 Ne5 7.
O-O-O Be6 8. h3 Qd7 9. e4 O-O-O 10. Qe3 Kb8 11. f4 Nc6 12. f5 Bxf5 13. exf5 Qxf5 14.
Nf3 Re8 15. Bd3 Qa5 16. Qd2 Nb4 17. Rhe1 Nxa2+ 18. Nxa2 Qxa2 19. Bxf6 Rxe1 20. Rxe1 1-0

[Event "Early-Titled-Tuesday-Blitz-October-10-2023"]
[Site "Chess.com"]
[Date "2023.10.10"]
[Round "7"]
[White "DonJuanEGenaro"]
[Black "GradualismUnleashed"]
[Result "1-0"]
[WhiteElo "1900"]
[BlackElo "2566"]
[TimeControl "180+1"]
[EndTime "9:11:38 PDT"]
[Termination "DonJuanEGenaro won by resignation"]

1. d4 d5 2. Nf3 Nf6 3. c4 e6 4.
Nc3 Be7 5. e3 O-O 6. Bd3 dxc4 7.
Bxc4 a6 8. a3 b5 9. Bd3 Bb7 10. e4 c5 11. e5 Nd5 12. h4 h6 13.
Qe2 cxd4 14. Qe4 f5 15. exf6 Nxf6 16. Qxe6+ Kh8 17. Ne5 dxc3 18. Ng6+ Kh7 19. Nxf8+ Kh8 20. Ng6+ Kh7 21. Ne5+ Be4 22. Bxe4+ Nxe4 23. Qg6+ Kg8 24. Qxe4 1-0

[Event "Early-Titled-Tuesday-Blitz-October-10-2023"]
[Site "Chess.com"]
[Date "2023.10.10"]
[Round "7"]
[White "VincentKeymer"]
[Black "dziththaulydcc"]
[Result "1-0"]
[WhiteElo "3092"]
[BlackElo "2797"]
[TimeControl "180+1"]
[EndTime "9:11:39 PDT"]
[Termination "VincentKeymer won by resignation"]

1. Nf3 Nf6 2. c4 e6 3. Nc3 b6 4.
e4 Bb7 5. e5 Ne4 6. Qe2 Nxc3 7.
dxc3 Be7 8. Bf4 O-O 9. O-O-O d5 10. cxd5 exd5 11. h4 c5 12. Ng5 h6 13. Qh5 Qe8 14.
Qg4 Qd7 15. Qg3 f6 16. exf6 Bxf6 17. Bd3 Nc6 18. Nh7 Rf7 19. Bxh6 Be5 20. f4 Bc7 21. Qg6 Ne7 22. Nf6+ 1-0

[Event "Early-Titled-Tuesday-Blitz-October-10-2023"]
[Site "Chess.com"]
[Date "2023.10.10"]
[Round "7"]
[White "inagreV"]
[Black "brm72"]
[Result "1-0"]
[WhiteElo "2301"]
[BlackElo "2497"]
[TimeControl "180+1"]
[EndTime "9:11:44 PDT"]
[Termination "inagreV won by resignation"]

1. e4 c5 2. Nf3 d6 3. d4 cxd4 4. Nxd4 Nf6 5. Nc3 a6 6. Nf3 Nc6 7. Bf4 e5 8. Bg5 Be7 9. Bxf6 Bxf6 10. Nd5 Be7 11. c3 Be6 12. Bc4 b5 13. Be2 O-O 14. O-O f5 15. exf5 Bxf5 16. a4 bxa4 17. Qxa4 e4 18.
Qxc6 exf3 19. Bxf3 Bd7 20. Qxa8 1-0

[Event "Early-Titled-Tuesday-Blitz-October-10-2023"]
[Site "Chess.com"]
[Date "2023.10.10"]
[Round "7"]
[White "Maksimus1998"]
[Black "unclear15"]
[Result "1-0"]
[WhiteElo "2622"]
[BlackElo "2448"]
[TimeControl "180+1"]
[EndTime "9:11:50 PDT"]
[Termination "Maksimus1998 won by resignation"]

1. d4 Nf6 2. Nf3 e6 3. Bf4 c5 4. e3 Nc6 5. Nbd2 d5 6. c3 Bd6 7. Bg3 Bxg3 8. hxg3 O-O 9. Bd3 Qe7 10. Qe2 e5 11.
dxe5 Nxe5 12. Nxe5 Qxe5 13. Nf3 Qe7 14. Rd1 a6 15.
Ng5 h6 16. Nh3 Bg4 17. f3 Bxh3 18. Rxh3 b5 19. Kf2 Rfe8 20. Rhh1 Rad8 21. Rhe1 Qe5 22. Bc2 Qg5 23. g4 Qxg4 24. fxg4 Re5 25. Kg1 1-0

[Event "Early-Titled-Tuesday-Blitz-October-10-2023"]
[Site "Chess.com"]
[Date "2023.10.10"]
[Round "7"]
[White "UK_23"]
[Black "ivana_999"]
[Result "0-1"]
[WhiteElo "2365"]
[BlackElo "2084"]
[TimeControl "180+1"]
[EndTime "9:12:21 PDT"]
[Termination "ivana_999 won by resignation"]

1. e4 e6 2. d4 d5 3. Nc3 Nf6 4. e5 Ng8 5. f4 c5 6. Nf3 Nc6 7. Ne2 Nh6 8. c3 cxd4 9. cxd4 Nf5 10. a3 h5 11. b3 Qb6 12. g3 Bd7 13. Bg2 Rc8 14.
Rb1 Na5 15. O-O Bb5 16. Re1 Qa6 17. a4 Bd3 18. Ra1 Bc2 19. Qd2 Nxb3 0-1

[Event "Early-Titled-Tuesday-Blitz-October-10-2023"]
[Site "Chess.com"]
[Date "2023.10.10"]
[Round "7"]
[White "Virgo15"]
[Black "atalz0"]
[Result "1-0"]
[WhiteElo "2726"]
[BlackElo "2487"]
[TimeControl "180+1"]
[EndTime "9:12:43 PDT"]
[Termination "Virgo15 won by checkmate"]

1. e4 d5 2. exd5 Nf6 3. d4 Nxd5 4. c4 Nb6 5. Nc3 e5 6. d5 Bb4 7. Bd3 c6 8. Ne2 cxd5 9. cxd5 Nxd5 10. O-O Nxc3 11. bxc3 Be7 12. Qa4+ Nc6 13. Rd1 Qc7 14. Qe4 Be6 15. Ng3 g6 16. Bh6 f5 17. Qe2 Kf7 18. Bc4 Rhd8 19. Nxf5 Bf6 20. Bxe6+ Kxe6 21. Qc4+ Kxf5 22. g4# 1-0

[Event "Early-Titled-Tuesday-Blitz-October-10-2023"]
[Site "Chess.com"]
[Date "2023.10.10"]
[Round "7"]
[White "SchachmattTV_Tobi"]
[Black "kreonx"]
[Result "1-0"]
[WhiteElo "2594"]
[BlackElo "2456"]
[TimeControl "180+1"]
[EndTime "9:12:47 PDT"]
[Termination "SchachmattTV_Tobi won by resignation"]

1. e4 c6 2. d4 d5 3. e5 c5 4.
c3 Nc6 5. a3 cxd4 6. cxd4 Nh6 7.
Bxh6 gxh6 8. Nc3 Bg7 9. Be2 a6 10. Rc1 Be6 11. Nf3 Bg4 12. O-O e6 13. Na4 Rc8 14.
Nc5 a5 15. Nxb7 Qb6 16. Nd6+ Ke7 17. Nxc8+ Rxc8 18. Qa4 Rc7 19. Rc3 Nb8 20. Qc2 Rb7 21. Qxh7 Bxf3 22. Rxf3 Kf8 23. Rg3 f5 24. exf6 Qxd4 25.
fxg7+ Rxg7 26. Qxh6 Nd7 27. Rxg7 Qxg7 28. Qxg7+ Kxg7 29. Rc1 Ne5 30. b4 axb4 31. axb4 1-0

[Event "Early-Titled-Tuesday-Blitz-October-10-2023"]
[Site "Chess.com"]
[Date "2023.10.10"]
[Round "7"]
[White "feuervogel1000000"]
[Black "secrethawk1"]
[Result "1-0"]
[WhiteElo "2518"]
[BlackElo "2277"]
[TimeControl "180+1"]
[EndTime "9:12:53 PDT"]
[Termination "feuervogel1000000 won by checkmate"]

1. e4 c5 2. Nf3 e6 3. d4 cxd4 4. Nxd4 a6 5. Bd3 Bc5 6. Nb3 Ba7 7. O-O Nc6 8. Nc3 Nf6 9. Qe2 d6 10. Be3 Bxe3 11. Qxe3 e5 12. Rad1 O-O 13. Be2 Be6 14. f4 Bxb3 15. axb3 Nd4 16. Bd3 Qb6 17. Kh1 Qc7 18.
fxe5 dxe5 19. Rxf6 gxf6 20. Nd5 Qd6 21. Qh6 Nf5 22. Nxf6+ Qxf6 23. Qxf6 Ng7 24. Qxe5 Rfe8 25. Qg3 Rad8 26. Rf1 Rd7 27. e5 Red8 28. Qh3 h5 29.
g4 hxg4 30. Qh7+ Kf8 31. Qh8+ Ke7 32. Qxg7 Rf8 33. e6 Rdd8 34. Rxf7+ Kxe6 35. Rxf8 Rxf8 36. Qxf8 Ke5 37. Qf5+ Kd4 38. c3+ Ke3 39. Qe4+ Kd2 40. Qe2+ Kc1 41. Qc2# 1-0